 Dungeon Crawl Stone Soup version 0.17-a0-1069-g92ad481 (webtiles) character file.

112 wotan the Ruffian (level 4, -3/38 (40) HPs)
             Began as a Ghoul Monk on May 17, 2015.
             Splashed by a jelly's acid (12 damage)
             ... on level 3 of the Dungeon.
             The game lasted 00:08:09 (2273 turns).

wotan the Ruffian (Ghoul Monk)                      Turns: 2273, Time: 00:08:12

HP:   -3/38 (40)    AC:  3    Str: 14    XL:     4   Next: 93%
MP:   3/3           EV:  7    Int:  5    God:
Gold: 97            SH:  0    Dex: 12    Spells: 0 memorised, 3 levels left

rFire  . . .     SeeInvis .       - Unarmed
rCold  + . .     Clarity  .     d - +0 chain mail
rNeg   + + +     SustAb   .     (no shield)
rPois  ∞         Gourm    .     (no helmet)
rElec  .         Spirit   .     (no cloak)
rCorr  .         Warding  .     (no gloves)
rMut   .         Stasis   .     (no boots)
MR     .....                    (no amulet)
Stlth  ..........               (no ring)
                                (no ring)

@: corroded equipment, rotting, not resistant to hostile enchantments, extremely
unstealthy
A: rotting body, claws 1, carnivore 3, cold resistance 1, negative energy
resistance 3, slow healing 1, torment resistance, unbreathing
a: no special abilities


You were on level 3 of the Dungeon.
You were not hungry.

You visited 1 branch of the dungeon, and saw 3 of its levels.

You collected 97 gold pieces.

Inventory:

Armour
 d - a +0 chain mail (worn)
Scrolls
 a - a scroll of noise {unknown}
 e - a scroll of recharging
 h - a scroll of remove curse
 k - a scroll of enchant armour {unknown}
 l - a scroll of fear {unknown}
Potions
 c - 2 potions of magic
 f - a potion of curing
 g - a potion of brilliance {unknown}
Comestibles
 b - 2 meat rations
 j - a chunk of flesh


   Skills:
 - Level 3.7 Fighting
 - Level 0.3 Armour
 - Level 3.5 Dodging
 - Level 2.3 Stealth
 + Level 5.5 Unarmed Combat


You had 3 spell levels left.
You didn't know any spells.

Dungeon Overview and Level Annotations

Branches:
Dungeon (3/15)

Altars:
Elyvilon

Annotations:
D:3 Natasha


Innate Abilities, Weirdness & Mutations

Your body is rotting away.
You thrive on raw meat.
You are immune to poison.
You have sharp fingernails.
You are carnivorous and can eat meat at any time.
Your flesh is cold resistant.
You are immune to negative energy.
You heal slowly when monsters are visible.
You are immune to unholy pain and torment.
You can survive without breathing.


Message History

The jelly completely misses you.
You scratch the jelly.
Your claws burn!
The jelly is severely wounded.
The jelly hits you but does no damage.
Natasha casts a spell.
Read which item? (? for menu, Esc to quit)
Okay, then.
Eat one of 2 chunks of flesh? (ye/n/q/i?)
You feel more resilient.
This raw flesh tastes great!
The jelly hits you.
You are splashed with acid!
The acid burns!
* * * LOW HITPOINT WARNING * * *
You continue eating.
The crimson imp blinks!
The jelly hits you but does no damage.
Natasha casts a spell.
You continue eating.
The crimson imp sputters.
The jelly hits you.
* * * LOW HITPOINT WARNING * * *
You are splashed with acid!
The acid corrodes your equipment!
The acid burns!
You die...

#.....# .......
..o.... #.#.#.#..
....... ........#
##o#.#.#. #.#.#.#.#
#oo...... ........#
#§.#.#.#.
#.#.#.#.#####oob5....
..........@J.hr#.#.#.
#.#.#.#..#####55.....
.......).#<..#.#.#.#.
.##.####.###.#.......
..........)..##....##
############## ......
....## #####


You could see a jelly, Natasha, 2 crimson imps, a shadow imp, 2 orcs, a bat and
a rat.

Vanquished Creatures
  3 adders (D:2)
  2 oozes (D:2)
  2 worms (D:2)
  4 giant geckos (D:2)
  2 giant cockroaches
  9 hobgoblins
  7 jackals
  5 kobolds
  13 bats
  5 giant newts
  11 goblins
  2 rats (D:1)
65 creatures vanquished.

Notes
Turn   | Place    | Note
--------------------------------------------------------------
     0 | D:1      | wotan the Ghoul Monk began the quest for the Orb.
     0 | D:1      | Reached XP level 1. HP: 19/19 MP: 0/0
   167 | D:1      | Reached XP level 2. HP: 15/26 MP: 1/1
   742 | D:1      | Reached XP level 3. HP: 19/31 MP: 2/2
  1260 | D:2      | Reached skill level 5 in Unarmed Combat
  1335 | D:2      | Found a white marble altar of Elyvilon.
  1500 | D:2      | Reached XP level 4. HP: 30/40 MP: 3/3
  2233 | D:3      | Noticed Natasha
  2273 | D:3      | Splashed by a jelly's acid

Vault maps used:
D:1:      dpeg_cavernosity
D:2:      elyvilon_altar_5
D:3:      serial_glass, glass_columns_c, glass_columns_c, serial_bayou_pond_b,
          kennysheep_flooded_box, hangedman_decor_clover_reticule, uniq_natasha

Action                   |  1- 3 |  4- 6 || total
-------------------------+-------+-------++-------
Melee: Unarmed           |   133 |    78 ||   211
  Use: Scroll            |     2 |     4 ||     6
 Stab: Sleeping          |     1 |       ||     1
  Eat: Chunk             |     4 |     3 ||     7
